 Dungeon Crawl Stone Soup version 0.32-a0-747-gc8563f6773 (webtiles) character file.

Game seed: 6192843694686235711

2290 pokeman the Thaumaturge (level 9, -2/49 HPs)
             Began as a Deep Elf Hedge Wizard on Mar 17, 2024.
             Was a Follower of Vehumet.
             Slain by a bullfrog (5 damage)
             ... on level 7 of the Dungeon.
             The game lasted 00:13:15 (7434 turns).

pokeman the Thaumaturge (Deep Elf Hedge Wizard)     Turns: 7434, Time: 00:13:16

Health: -2/49      AC:  3    Str:  7    XL:     9   Next: 17%
Magic:  17/26      EV: 12    Int: 24    God:    Vehumet [*.....]
Gold:   400        SH:  0    Dex: 14    Spells: 22/30 levels left

rFire   . . .        G - +2 whip (elec)
rCold   . . .        (no shield)
rNeg    . . .        b - +0 robe
rPois   .            k - +0 helmet
rElec   .            (no cloak)
rCorr   .            (no gloves)
SInv    .            (no boots)
Will    .....        (no amulet)
Stlth   ++           (no ring)
HPRegen 0.28/turn    (no ring)
MPRegen 0.20/turn

%: no passive effects
@: no status effects
A: no striking features
a: Renounce Religion


You were on level 7 of the Dungeon.
You worshipped Vehumet.
Vehumet was aware of your devotion.
You visited 2 branches of the dungeon, and saw 8 of its levels.

You collected 400 gold pieces.

Inventory:

Hand Weapons
 G - a +2 whip of electrocution (weapon)
Armour
 b - a +0 robe (worn)
 k - a +0 helmet (worn)
Magical Staves
 m - a staff of death
 s - a staff of conjuration
 u - a staff of alchemy
Jewellery
 e - an amulet of guardian spirit
 F - a ring of fire
Wands
 a - a wand of light (10)
 y - a wand of mindburst (3)
 B - a wand of iceblast (6)
 C - a wand of charming (11)
Scrolls
 c - 4 scrolls of identify {unknown}
 f - 2 scrolls of silence {unknown}
 h - a scroll of revelation {unknown}
 i - 2 scrolls of torment {unknown}
 j - 3 scrolls of brand weapon {unknown}
 p - 4 scrolls of teleportation {unknown}
 q - a scroll of immolation {unknown}
 t - a scroll of blinking {unknown}
 v - a scroll of noise {unknown}
 x - 2 scrolls of enchant armour {unknown}
 D - a scroll of fear {unknown}
 E - 2 scrolls of vulnerability {unknown}
Potions
 d - a potion of magic
 g - 3 potions of attraction {unknown}
 l - 3 potions of haste {unknown}
 n - a potion of might {unknown}
 o - 2 potions of curing {unknown}
 r - 2 potions of enlightenment {unknown}
 w - a potion of mutation {unknown}
 z - a potion of degeneration {unknown}
 A - 3 potions of ambrosia {unknown}
 H - 2 potions of heal wounds {unknown}


   Skills:
 + Level 2.3 Fighting
 - Level 3.2 Armour
 - Level 3.0 Dodging
 - Level 3.0 Stealth
 * Level 11.0 Spellcasting
 + Level 5.9 Conjurations
 - Level 1.1 Summonings
 + Level 5.5 Necromancy
 - Level 1.1 Translocations
 - Level 1.0 Air Magic
 - Level 1.0 Alchemy
 - Level 1.0 Evocations


You had 22 spell levels left.
You knew the following spells:

 Your Spells              Type           Power      Damage    Failure   Level
a - Magic Dart            Conj           100%       1d8       1%          1
b - Mephitic Cloud        Conj/Alch/Air  26%        N/A       4%          3
c - Call Imp              Summ           36%        N/A       4%          2
d - Blink                 Tloc           36%        N/A       4%          2

Your spell library contained the following spells:

 Spells                   Type           Power      Damage    Failure   Level
 Kiss of Death            Conj/Necr      100%       2d13      1%          1
 Cigotuvi's Dreadful Rot  Necr/Alch/Air  50%        N/A       2%          2
 Slow                     Hex            52%        N/A       4%          1
 Gell's Gravitas          Tloc           18%        N/A       9%          3
 Teleport Other           Tloc           18%        N/A       9%          3
 Dispersal                Tloc           9%         N/A       99%         6


Dungeon Overview and Level Annotations

Branches:
Dungeon (7/15)             Temple (1/1) D:4

Altars:
Ashenzari
Dithmenos
Elyvilon
Gozag
Hepliaklqana
Nemelex Xobeh
Qazlal
Sif Muna
Trog
Uskayaw
Vehumet
Wu Jian
Yredelemnul
The Shining One

Shops:
D:1 [   D:4 *


Message History

Aim: a howler monkey (moderately wounded, 100% to hit)
The magic dart hits the howler monkey but does no damage.
The howler monkey is moderately wounded.
The bullfrog croaks.
Casting: Magic Dart (safe; 1% risk of failure)
Confirm with . or Enter, or press ? or * to list all spells.
Aiming: Magic Dart (safe; 1% risk of failure)
Press: ? - help, Shift-Dir - straight line, f/p - howler monkey
Aim: a howler monkey (moderately wounded, 100% to hit)
The magic dart hits the howler monkey.
The howler monkey is heavily wounded.
A centaur comes into view.
Casting: Magic Dart (safe; 1% risk of failure)
Confirm with . or Enter, or press ? or * to list all spells.
Aiming: Magic Dart (safe; 1% risk of failure)
Press: ? - help, Shift-Dir - straight line, f/p - howler monkey
Aim: a howler monkey (heavily wounded, 100% to hit)
The magic dart hits the howler monkey.
The howler monkey is almost dead.
The centaur shouts!
The centaur wields a +2 heavy orcbow.
The centaur shoots an arrow.
The arrow hits you!!
Unknown command.
The howler monkey closely misses you.
The centaur shoots an arrow.
The arrow hits you!!
* * * LOW HITPOINT WARNING * * *
Unknown command.
The bullfrog attacks as it pursues you! The bullfrog hits you.
* * * LOW HITPOINT WARNING * * *
Unknown command.
The bullfrog barely misses you.
The howler monkey hoots and howls with incredible vigour!
You hear an angry hiss.
You hear a bark!
You hear a shout!
Unknown command.
The centaur shoots an arrow.
The arrow closely misses you.
The howler monkey attacks as it pursues you!
The howler monkey hits you.
* * * LOW HITPOINT WARNING * * *
The bullfrog hits you.
You die...

..#......
##....#.# .D.
#.<...c.#
....###...#.#..#
..........#.#
............#
.......!....#
.#........F.#
.........=h@#
####........#
####......
#.......
#.......#
##......#
#......#
#....###


You could see a bullfrog, a centaur and a howler monkey.

Vanquished Creatures
  Pikel (D:6)
  Sigmund (D:5)
  A sky beast (D:6)
  An orc warrior (D:6)
  2 ogres (D:5)
  A phantom (D:6)
  3 lemures (D:6)
  5 scorpions
  A howler monkey (D:7)
  6 hounds
  5 orc priests
  2 bombardier beetles
  2 jellies
  4 iguanas
  2 orc wizards
  2 sleepcaps (D:6)
  7 adders
  3 gnolls (D:6)
  2 shadow imps
  A white imp (D:6)
  2 ufetubi (D:6)
  3 dart slugs
  2 ribbon worms (D:3)
  12 orcs
  3 ball pythons
  3 bats
  5 endoplasms
  3 giant cockroaches
  10 goblins
  7 hobgoblins
  2 jackals (D:2)
  6 quokkas
  6 frilled lizards
  4 kobolds
  8 rats
128 creatures vanquished.

Vanquished Creatures (collateral kills)
  A hound (D:5)
  An iguana (D:5)
  An orc (D:3)
  A hobgoblin (D:3)
4 creatures vanquished.

Grand Total: 132 creatures vanquished

Notes
Turn   | Place    | Note
-------+----------+-------------------------------------------
     0 | D:1      | pokeman the Deep Elf Hedge Wizard began the quest for the
                  | Orb.
     0 | D:1      | Reached XP level 1. HP: 10/10 MP: 7/7
   239 | D:1      | Reached XP level 2. HP: 16/16 MP: 1/9
   340 | D:1      | Found Qakiriez's Antique Armour Shop.
   539 | D:1      | Found a faded altar of an unknown god.
   869 | D:2      | Reached skill level 5 in Spellcasting
   975 | D:2      | Reached XP level 3. HP: 20/20 MP: 5/11
   979 | D:2      | Learned a level 3 spell: Mephitic Cloud
   982 | D:2      | Learned a level 2 spell: Call Imp
   985 | D:2      | Learned a level 2 spell: Blink
  1266 | D:2      | Reached skill level 1 in Fighting
  1885 | D:3      | Reached skill level 1 in Armour
  2095 | D:3      | Reached XP level 4. HP: 25/25 MP: 7/13
  2221 | D:3      | HP: 1/25 [poisoned by an adder]
  2799 | D:4      | Reached skill level 6 in Spellcasting
  2799 | D:4      | Reached XP level 5. HP: 19/29 MP: 6/15
  2934 | D:4      | Found a staircase to the Ecumenical Temple.
  2944 | Temple   | Entered the Ecumenical Temple
  2950 | Temple   | Became a worshipper of Vehumet
  2988 | D:4      | Found Fuysiv's Gadget Gallery.
  3298 | D:4      | Reached skill level 1 in Necromancy
  3423 | D:4      | Found a glowing golden altar of the Shining One.
  3503 | D:4      | Reached skill level 1 in Air Magic
  3685 | D:4      | Reached skill level 1 in Evocations
  3713 | D:4      | Reached skill level 1 in Alchemy
  3713 | D:4      | Reached XP level 6. HP: 4/34 MP: 1/17
  4042 | D:5      | Entered Level 5 of the Dungeon
  4092 | D:5      | Reached skill level 7 in Spellcasting
  4240 | D:5      | Reached XP level 7. HP: 22/39 MP: 17/20
  4333 | D:5      | Noticed Sigmund
  4353 | D:5      | Killed Sigmund
  4365 | D:5      | Reached skill level 8 in Spellcasting
  4896 | D:5      | Reached * piety under Vehumet
  4896 | D:5      | Offered knowledge of Kiss of Death by Vehumet.
  4900 | D:5      | Reached XP level 8. HP: 44/44 MP: 10/22
  5374 | D:6      | Reached skill level 9 in Spellcasting
  5905 | D:6      | Reached skill level 5 in Conjurations
  6346 | D:6      | Reached skill level 10 in Spellcasting
  6546 | D:6      | Noticed Pikel
  6585 | D:6      | Killed Pikel
  6586 | D:6      | Reached skill level 5 in Necromancy
  6586 | D:6      | Reached XP level 9. HP: 26/48 MP: 20/25
  7426 | D:7      | Reached skill level 11 in Spellcasting
  7434 | D:7      | Slain by a bullfrog

Illustrated notes

Levels and vault maps discovered:
D:1:      wander_arrival_estate, layout_rooms, serial_shops,
          nicolae_shop_tiny_statue_garden, shapermc_ecumenical_altar_flowoftime
D:2:      layout_loops_ring
D:3:      layout_rooms
D:4:      layout_rooms, nicolae_tso_swordbearing_angel,
          minmay_temple_entry_tees, supply_closet_lemuel, nicolae_shop_gadgets
D:5:      kennysheep_spiral_hall, layout_basic, dk_noncrumbling_4, uniq_sigmund
D:6:      layout_basic, uniq_pikel
D:7:      layout_rooms, gammafunk_ghost_nasty_kobolds
Temple:   compressed_dpeg_triangle_lava_temple

Skill      XL: |  1  2  3  4  5  6  7  8  9 |
---------------+----------------------------+-----
Spellcasting   | 5 6 7 8 10 11 | 11.0
Fighting       | 1 2 |  2.3
Conjurations   | 2 3 4 5 |  5.9
Armour         | 1 3 |  3.2
Dodging        | 3 |  3.0
Stealth        | 3 |  3.0
Necromancy     | 1 2 3 5 |  5.5
Air Magic      | 1 |  1.0
Evocations     | 1 |  1.0
Alchemy        | 1 |  1.0
Summonings     | |  1.1
Translocations | |  1.1

Action                     |  1- 3 |  4- 6 |  7- 9 || total
---------------------------+-------+-------+-------++-------
  Melee: Dagger            |    52 |    69 |    69 ||   190
         Whip              |       |       |     2 ||     2
   Cast: Magic Dart        |   111 |   123 |   180 ||   414
         Call Imp          |       |     5 |     4 ||     9
         Mephitic Cloud    |       |     7 |    18 ||    25
         Blink             |       |       |     3 ||     3
   Stab: Confused          |       |     5 |     8 ||    13
 Armour: Robe              |    23 |    61 |    55 ||   139
  Dodge: Dodged            |    15 |    52 |    56 ||   123

Table legend: (Time is in decaauts)
 A = Elapsed time spent in this place.
 B = Non-inter-level travel time spent in this place.
 C = Inter-level travel time spent in this place.
 D = Time resting spent in this place.
 E = Time spent auto-exploring this place.
 F = Levels seen in this place.
 G = Mean time per level.
                   A        B        C        D        E       F      G
               +--------+--------+--------+--------+--------+-----+--------+
         Total |   7434 |   7167 |    267 |    357 |   5707 |   8 |  929.2 |
       Dungeon |   7422 |   7160 |    262 |    357 |   5707 |   7 | 1060.3 |
        Temple |     12 |      7 |      5 |      0 |      0 |   1 |   12.0 |
               +--------+--------+--------+--------+--------+-----+--------+

Top non-repeatable levels by time:
     D:6: 2031 daAuts
     D:5: 1328 daAuts
     D:4: 1117 daAuts
     D:3: 1064 daAuts
     D:2: 985 daAuts
     D:1: 863 daAuts
     D:7: 30 daAuts
  Temple: 12 daAuts
